 Dungeon Crawl Stone Soup version 0.30-a0-457-g4b7bca3bfa (webtiles) character file.

Game seed: 6449236019471353353

60 Brandom the Grasshopper (level 3, -1/31 HPs)
             Began as an Armataur Warper on Dec 13, 2022.
             Slain by an orc priest
             ... wielding a +0 war axe
              (11 damage)
             ... on level 2 of the Dungeon.
             The game lasted 00:04:09 (966 turns).

Brandom the Grasshopper (Armataur Warper)            Turns: 966, Time: 00:04:10

Health: -1/31      AC:  5    Str: 16    XL:     3   Next: 82%
Magic:  6/6        EV:  9    Int: 15    God:
Gold:   76         SH:  0    Dex:  9    Spells: 6/6 levels left

rFire   . . .      SeeInvis .    a - +0 falchion
rCold   . . .      Faith    .    (no shield)
rNeg    . . .      Spirit   .    b - +0 leather armour
rPois   .          Reflect  .    (no helmet)
rElec   .          Harm     .    (no cloak)
rCorr   .          Roll     +    g - +0 pair of gloves
Will    .....                    (no barding)
Stlth   ..........               (no amulet)
HPRegen 0.25/turn                q - ring of wizardry
MPRegen 0.10/turn                (no ring)

@: confused, ambrosia-drunk
A: large, rugged brown scales 3, deformed body, armoured tail, roll, long
tongue, awkward tongue
a: no special abilities


You were on level 2 of the Dungeon.
You visited 1 branch of the dungeon, and saw 2 of its levels.

You collected 76 gold pieces.

Inventory:

Hand Weapons
 a - a +0 falchion (weapon)
Missiles
 d - 7 boomerangs of dispersal (quivered) {!f}
Armour
 b - a +0 leather armour (worn)
 e - a +0 robe
   (You found it on level 1 of the Dungeon)
 g - a +0 pair of gloves (worn)
   (You found it on level 1 of the Dungeon)
 l - a +0 scale mail
   (You found it on level 1 of the Dungeon)
 m - a +0 ring mail
   (You found it on level 1 of the Dungeon)
Jewellery
 k - a ring of fire
   (You found it on level 1 of the Dungeon)
 q - a ring of wizardry (left hand)
   (You found it on level 2 of the Dungeon)
Scrolls
 c - a scroll of blinking
 j - 2 scrolls of identify {unknown}
 n - a scroll of immolation {unknown}
 p - a scroll of fear {unknown}
Potions
 i - a potion of cancellation
 o - a potion of brilliance {unknown}


   Skills:
 + Level 2.3 Fighting
 + Level 2.2 Long Blades
 - Level 0.8 Throwing
 + Level 2.1 Armour
 + Level 1.8 Dodging
 - Level 2.0 Spellcasting
 + Level 3.4 Translocations


You had 6 spell levels left.
You didn't know any spells.
Your spell library contained the following spells:

 Spells                   Type           Power      Damage    Failure   Level
 Blink                    Tloc           22%        N/A       4%          2
 Lesser Beckoning         Tloc           22%        N/A       9%          3
 Teleport Other           Tloc           11%        N/A       9%          3
 Slow                     Hex            4%         N/A       11%         1
 Summon Small Mammal      Summ           4%         N/A       11%         1
 Vhi's Electric Charge    Tloc/Air       12%        N/A       16%         3
 Manifold Assault         Tloc           11%        N/A       26%         4
 Call Canine Familiar     Summ           1%         N/A       32%         3
 Confusing Touch          Hex            1%         N/A       32%         3
 Summon Guardian Golem    Hex/Summ       1%         N/A       32%         3
 Vampiric Draining        Necr           1%         2d6       32%         3


Dungeon Overview and Level Annotations

Branches:
Dungeon (2/15)

Altars:

Shops:
D:2 (


Innate Abilities, Weirdness & Mutations

You are completely covered in rugged brown scales. (AC +3, +7% HP)
Armour fits poorly on your strangely shaped body.
You have a long armoured tail.
You roll when moving toward enemies. (Rampage)
Your long tongue fully drains potion bottles. (2x potion effects)
Your tongue gives you trouble enunciating. (1.5x scroll delay)


Message History

The orc priest invokes the aid of Beogh against you.
Beogh smites you!
* * * LOW HITPOINT WARNING * * *
You slurp down every last drop of the 2 green potions!
It was a potion of cancellation.
You feel magically purged. The orc hits you but does no damage.
An orc comes into view. It is wielding a +0 club.
You slurp down every last drop of the 2 blue potions!
It was a potion of curing.
You feel better.
The orc shouts!
The orc hits you but does no damage.
You hit the orc.
You tail-slap the orc, but do no damage.
The orc closely misses you. The orc hits you with a +0 dagger.
* * * LOW HITPOINT WARNING * * *
You hit the orc. You tail-slap the orc.
You kill the orc!
The bat barely misses you.
Unknown command.
Unknown command.
Unknown command.
Unknown command.
Unknown command.
You barely miss the orc priest.
The orc priest calls down the wrath of Beogh upon you.
Pain shoots through your body!
* * * LOW HITPOINT WARNING * * *
You hit the orc priest.
The orc priest hits you with a +0 war axe.
* * * LOW HITPOINT WARNING * * *
You hit the orc priest but do no damage.
You tail-slap the orc priest, but do no damage.
The orc priest hits you with a +0 war axe.
* * * LOW HITPOINT WARNING * * *
You slurp down every last drop of the potion of curing {@q1}!
You feel better.
The orc priest looks encouraged for a moment.
Unknown command.
You closely miss the orc priest.
You tail-slap the orc priest, but do no damage.
The orc priest hits you with a +0 war axe!
* * * LOW HITPOINT WARNING * * *
The orc priest hits you with a +0 war axe.
* * * LOW HITPOINT WARNING * * *
You slurp down every last drop of the purple potion!
It was a potion of ambrosia.
You are confused.
You feel invigorated.
The orc priest hits you with a +0 war axe!
You die...

.....#.......... .. ..# #.##..†#
.o######...#.### .. #.# #.#.....
...o.#..o..#.# #. ##.###.#....#
.###.#.......# #. #.÷........#~
. #.#.....### #.##..#####....P .
#..††#.###### #...............
.....#.........#
#.÷#.#######..##
####)...#.....o###..#)#######..#
####.#.....bo@..........##..#
#.#.....o###..#.####......
#.#...........#.#######..##
#.......................
###############.........
##########


You could see an orc priest, 2 orcs and a bat.

Vanquished Creatures
  2 adders (D:2)
  A worm (D:2)
  A dart slug (D:1)
  An orc (D:2)
  4 ball pythons
  6 bats
  2 endoplasms (D:2)
  A giant cockroach (D:2)
  2 goblins (D:1)
  4 hobgoblins
  3 jackals (D:2)
  A frilled lizard (D:1)
  3 kobolds (D:1)
  A rat (D:2)
32 creatures vanquished.

Vanquished Creatures (others)
  3 plants (D:2)
3 creatures vanquished.

Grand Total: 35 creatures vanquished

Notes
Turn   | Place    | Note
-------+----------+-------------------------------------------
     0 | D:1      | Brandom the Armataur Warper began the quest for the Orb.
     0 | D:1      | Reached XP level 1. HP: 18/18 MP: 3/3
   106 | D:1      | Reached XP level 2. HP: 20/25 MP: 4/4
   673 | D:2      | Reached XP level 3. HP: 29/31 MP: 4/6
   917 | D:2      | Found Pologun's Weapon Emporium.
   963 | D:2      | HP: 1/31 [orc priest/+0 war axe (5)]
   966 | D:2      | Slain by an orc priest

Illustrated notes

Levels and vault maps discovered:
D:1:      dreamdust_arrival_sigmund_warning, layout_rooms
D:2:      layout_loops_ring, serial_shops, shop_statue, grunt_decor_cap,
          serial_bayou_pond_d

Skill      XL: |  1  2  3 |
---------------+----------+-----
Fighting       | 2 |  2.3
Long Blades    | 2 |  2.2
Spellcasting   | 2 |  2.0
Armour         | 2 |  2.1
Throwing       | |  0.8
Dodging        | |  1.8
Translocations | |  3.4

Action                   || total
-------------------------++-------
Melee: Falchion          ||   132
       Tailslap          ||    12
  Use: Potion            ||     4
 Stab: Distracted        ||     1
Armor: Leather armour    ||    76
Dodge: Dodged            ||    82

Table legend: (Time is in decaauts)
 A = Elapsed time spent in this place.
 B = Non-inter-level travel time spent in this place.
 C = Inter-level travel time spent in this place.
 D = Time resting spent in this place.
 E = Time spent auto-exploring this place.
 F = Levels seen in this place.
 G = Mean time per level.
                   A        B        C        D        E       F      G
               +--------+--------+--------+--------+--------+-----+--------+
         Total |    992 |    967 |     25 |      0 |    669 |   2 |  496.0 |
       Dungeon |    992 |    967 |     25 |      0 |    669 |   2 |  496.0 |
               +--------+--------+--------+--------+--------+-----+--------+

Top non-repeatable levels by time:
     D:2: 497 daAuts
     D:1: 494 daAuts
